 Dungeon Crawl Stone Soup version 0.19-a0-1513-gf6d23ed (webtiles) character file.

53 amanita the Chopper (level 3, 0/19 HPs)
             Began as a Vine Stalker Abyssal Knight on Sept 12, 2016.
             Was a Believer of Lugonu.
             Succumbed to an adder's poison
             ... on level 3 of the Dungeon.
             The game lasted 00:07:29 (579 turns).

amanita the Chopper (Vine Stalker Abyssal Knight)    Turns: 579, Time: 00:07:30

Health: 0/19       AC:  3    Str: 19    XL:     3   Next: 89%
Magic:  3/5        EV: 10    Int: 17    God:    Lugonu [**....]
Gold:   98         SH:  3    Dex: 14    Spells: 0 memorised, 2 levels left

rFire  . . .     SeeInvis .     a - +1 hand axe
rCold  . . .     Gourm    .     b - +0 leather armour
rNeg   . . .     Faith    .     p - +0 buckler
rPois  .         Spirit   +     (no helmet)
rElec  .         Dismiss  .     (no cloak)
rCorr  .         Reflect  .     (no gloves)
MR     .....     Harm     .     (no boots)
Stlth  +.........               (no amulet)
                                (no ring)
                                (no ring)

@: mighty, brilliant, lethally poisoned (0 -> -3)
A: fangs 2, magic shield, antimagic bite, no device heal 3, rot immunity
a: Depart the Abyss, Bend Space, Renounce Religion


You were on level 3 of the Dungeon.
You worshipped Lugonu.
Lugonu was pleased with you.
You were not hungry.

You visited 1 branch of the dungeon, and saw 4 of its levels.
You visited the Abyss 1 time.

You collected 98 gold pieces.

Inventory:

Hand Weapons
 a - a +1 hand axe (weapon)
 g - a +0 hunting sling
Missiles
 f - 14 stones (quivered)
 k - 16 sling bullets
 o - 11 poisoned needles
Armour
 b - a +0 leather armour (worn)
 p - a +0 buckler (worn)
Scrolls
 d - a scroll of blinking {unknown}
 e - a scroll of amnesia {unknown}
 i - a scroll of remove curse {unknown}
 j - a scroll of recharging {unknown}
 l - a scroll of fear {unknown}
 m - a scroll of random uselessness {unknown}
 n - a scroll of teleportation {unknown}
 q - 3 scrolls of immolation {unknown}
 r - 3 scrolls of identify {unknown}
Comestibles
 c - 2 bread rations
 h - 3 beef jerkies
 u - a royal jelly
 v - a meat ration


   Skills:
 - Level 2.6 Fighting
 + Level 3.6 Axes
 - Level 1.5 Armour
 - Level 0.7 Dodging
 - Level 1.7 Invocations


You had 2 spell levels left.
You didn't know any spells.

Dungeon Overview and Level Annotations

Branches:
Dungeon (4/15)
 Temple: D:4-7

Altars:

Annotations:
D:3 exclusion: downstairs


Innate Abilities, Weirdness & Mutations

You have extremely sharp teeth.
When hurt, damage is shared between your health and your magic reserves.
Your bite disrupts and absorbs the magic of your enemies.
Potions and wands cannot restore your health.
You are immune to rotting.


Message History

It was a potion of brilliance.
You feel clever all of a sudden.
You feel sick.
It was a potion of might.
You feel very mighty all of a sudden.
You feel sick.
You feel sick.
You see here an adder corpse.
* * * LOW HITPOINT WARNING * * *
You feel sick.
* * * LOW HITPOINT WARNING * * *
You feel sick.
* * * LOW HITPOINT WARNING * * *
You feel sick.
Okay, then.
* * * LOW HITPOINT WARNING * * *
You feel sick.
* * * LOW HITPOINT WARNING * * *
You feel sick.
You die...

#.#..###.# #
#.##.###.#
##........#
#......####
#.###..# #..#
## #..####.##
#........##
##.##.@...#
#.##.........
..##.....###.
######...##
#####


There were no monsters in sight!

Vanquished Creatures
  An adder (D:3)
  4 giant geckos
  5 bats
  2 giant cockroaches (D:2)
  2 goblins
  4 hobgoblins
  7 jackals
  3 kobolds
  A ball python (D:2)
  9 rats
38 creatures vanquished.

Notes
Turn   | Place    | Note
-------+----------+-------------------------------------------
     0 | Abyss:1  | amanita the Vine Stalker Abyssal Knight began the quest for the Orb.
     0 | Abyss:1  | Reached XP level 1. HP: 11/11 MP: 3/3
     7 | D:1      | Escaped the Abyss
    85 | D:1      | Reached skill level 2 in Axes
    95 | D:1      | Reached XP level 2. HP: 10/16 MP: 1/4
   218 | D:2      | Reached skill level 3 in Axes
   248 | D:2      | Reached XP level 3. HP: 14/19 MP: 5/5
   455 | D:2      | Reached ** piety under Lugonu
   579 | D:3      | Succumbed to an adder's poison

Vault maps used:
D:1:      saegor_arrival_simple_c
D:2:      corexii_corridor_pit
D:4:      serial_shops, kennysheep_mini, uniq_duvessa
Abyss:1:  minivault_25

Skill      XL: |  1  2 |
---------------+-------+-----
Axes           | 2 3 |  3.6
Fighting       | |  2.6
Armour         | |  1.5
Dodging        | |  0.7
Invocations    | |  1.7

Action                   || total
-------------------------++-------
Melee: Hand axe          ||    93
       Bite              ||    15
Throw: Stone             ||     2
  Use: Potion            ||     2
Armor: Leather armour    ||    30
Dodge: Dodged            ||    61
Block: Buckler           ||     8
